← All builds
Geo sea / Armada / Economy first / OBSERVED BUILD

Standard geo sea

Armada Geo sea build order · Supreme Isthmus

Standard Geo sea play: bot lab then shipyard in the cove, an early submarine and destroyer to contest the sea, geothermal around 7:40 to fund the later fleet transition.

Usually shipyard in the cove (87%)

#naval #eco · 741 distinct matches · 101 players · 80% of Armada Geo sea games · team won 54% of 791 · Recently observed

HOW TO PLAY IT

Key timing: Shipyard by 3:13

  1. Open 3 mex and wind into Bot Lab.
  2. Put up Shipyard with naval turret and BP for defense.
  3. Send out "submarine" then "destroyer" to contest the sea.
  4. Bring geothermal online to fund the fleet.
  5. Add Advanced Metal Extractor as the economy transitions.

Phase by phase

TYPICAL OF ITS 741 GAMES
  1. 1
  2. 2
  3. 3
  4. 4
PLAY THE OPENING

Follow the example game's first 6:00 step by step: what to build now, what comes next, and where it goes. At 1× it keeps pace with your own game.

  1. 1

    Up to the Bot Lab

    Economy
    • Metal Extractor3Mex
    • Wind Turbine3Wind
    Order
    1. Bot LabBot Lab after 3 mex, 3 winddone ~1:12, middle half 1:06–1:18

    Some games also: wind for allies (44%)

    By 0:55 in all: 3 mex · 3 wind

    The example game in this phase · 4 steps
    1. Mex ×3
    2. Wind ×2for Air
    3. Wind
    4. Bot LabBot Labdone 1:13 · typical 1:12
  2. 2

    Bot Lab to Shipyard

    Economy
    • Metal Extractor1Mex
    • Wind Turbine1Wind
    Order
    1. ShipyardShipyard after 4 mex, 4 winddone ~3:11, middle half 2:50–3:36
    Builders
    • Construction Bot3 Con bot
    • Lazarus2 Lazarus

    Some games also: pawn (43%) · con turret (37%) · crossbow (35%)

    By 2:47 in all: 4 mex · 4 wind

    The example game in this phase · 5 steps
    1. Construction BotCon bot
    2. LazarusLazarus ×2
    3. Construction BotCon bot
    4. LazarusLazarus
    5. ShipyardShipyarddone 2:31 · typical 3:11
  3. 3

    Shipyard to 5:00

    Economy
    • Metal Extractor4Mex
    • Wind Turbine1Wind
    Builders
    • Construction Ship1 Con ship
    Army
    • Dolphin3 Dolphin
    • Skater1 Skater
    • Corsair1 Destroyer
    Other
    • Radar Tower1 Radar Tower

    Some games also: submarine (44%) · Sentry (44%) · converter (32%) · pawn (32%) · con turret (31%)

    By 5:00 in all: 8 mex · 7 wind · 1 energy storage · 1 con turret

    The example game in this phase · 24 steps
    1. LazarusLazarus
    2. PawnPawn
    3. SkaterSkater ×2
    4. Mex
    5. EelSubmarinedone 3:08 · typical 4:21
    6. Mex
    7. Construction ShipCon ship
    8. SentrySentry
    9. Construction ShipCon ship
    10. DolphinDolphin
    11. Mex ×3
    12. DolphinDolphin
    13. Mex
    14. DolphinDolphin
    15. Mex
    16. DolphinDolphin
    17. Mex
    18. DolphinDolphin
    19. Construction ShipCon ship
    20. Wind
    21. Mex
    22. EelSubmarine
    23. Energy storage
    24. Wind
  4. 4

    5:00 to 10:00

    Economy
    • Metal Extractor2Mex
    • Wind Turbine12Wind
    • Energy Converter2Converter
    Builders
    • Construction Turret1 Con turret
    • Construction Ship1 Con ship
    • Grim Reaper1 Grim Reaper
    Army
    • Sentry1 Sentry
    • Dolphin5 Dolphin
    • Corsair2 Destroyer
    • Skater2 Skater

    Some games also: Radar Tower (48%) · geo (40%) · frigate (40%) · Harpoon (39%) · Naval Construction Turret (34%)

    By 10:00 in all: 11 mex · 19 wind · 1 geo · 4 converter · 1 energy storage · 2 con turret

    The example game in this phase · 152 steps
    1. EelSubmarine
    2. Radar TowerRadar Tower
    3. EelSubmarine
    4. SentrySentry
    5. EelSubmarine ×2
    6. Wind
    7. SentrySentry
    8. SkaterSkater
    9. Wind
    10. Grim ReaperGrim Reaper
    11. Advanced Metal ExtractorT2 mexdone 7:40 · typical 9:17
    12. SentrySentry
    13. DolphinDolphin
    14. Wind
    15. DolphinDolphin
    16. Wind
    17. DolphinDolphin ×2
    18. SentrySentry
    19. Wind
    20. DolphinDolphin
    21. Construction ShipCon ship
    22. Advanced Metal ExtractorT2 mex
    23. EelSubmarine
    24. Wind
    25. SkaterSkater
    26. Grim ReaperGrim Reaper
    27. Wind
    28. DolphinDolphin ×2
    29. Advanced Metal ExtractorT2 mex
    30. Wind
    31. DolphinDolphin ×3
    32. Construction ShipCon ship
    33. Wind ×2
    34. EelSubmarine
    35. Wind
    36. SkaterSkater
    37. Wind
    38. Grim ReaperGrim Reaper
    39. Construction ShipCon ship
    40. Wind
    41. Tidal
    42. Construction ShipCon ship
    43. Wind
    44. Advanced Metal ExtractorT2 mex
    45. Construction ShipCon ship
    46. Tidal
    47. Wind ×2
    48. CorsairDestroyerdone 10:26 · typical 5:36
    49. Tidal
    50. Wind
    51. Mex
    52. Bot LabBot Labdone 10:36
    53. Wind
    54. Tidal
    55. Construction BotCon bot
    56. Wind
    57. Tidal
    58. Naval Construction Turret
    59. Construction BotCon bot
    60. Tidal ×2
    61. Construction BotCon bot
    62. Tidal
    63. Construction BotCon bot
    64. Wind
    65. Advanced Metal ExtractorT2 mex
    66. Tidal
    67. Construction BotCon bot
    68. Tidal
    69. Construction BotCon bot
    70. Naval Metal Storage
    71. Construction BotCon bot
    72. Tidal
    73. Wind
    74. Tidal
    75. Naval Construction Turret
    76. Construction BotCon bot ×2
    77. Tidal
    78. Construction BotCon bot
    79. Tidal
    80. Mex
    81. Tidal
    82. Construction BotCon bot
    83. Naval Construction Turret
    84. Construction BotCon bot
    85. Wind
    86. Construction BotCon bot
    87. Tidal
    88. Naval Construction Turret
    89. Advanced Metal ExtractorT2 mex
    90. Advanced ShipyardAdvanced Shipyarddone 12:52
    91. Tidal ×2
    92. Construction BotCon bot
    93. Naval Construction Turret
    94. Mex
    95. Tidal
    96. Naval Construction Turret
    97. Tidal ×2
    98. Naval Construction Turret ×2
    99. Tidal
    100. Con turret ×2
    101. Tidal ×4
    102. Con turret
    103. Tidal ×6
    104. Con turret
    105. Tidal ×11
    106. Con turret
    107. Tidal
    108. Advanced Construction SubAdvanced Construction Sub
    109. Tidal ×2
    110. Con turret
    111. Geothermal PowerplantGeodone 13:59 · typical 7:46
    112. VoyagerVoyager
    113. Con turret
    114. VoyagerVoyager
    115. Con turret
    116. VoyagerVoyager
    117. Naval Advanced Metal ExtractorNaval Advanced Metal Extractordone 13:52
    118. VoyagerVoyager
    119. Wind
    120. Con turret
    121. Wind
    122. VoyagerVoyager
    123. Wind ×4
    124. Naval Advanced Metal ExtractorNaval Advanced Metal Extractor
    125. Wind ×3
    126. VoyagerVoyager
    127. Wind
    128. Naval Radar / Sonar TowerNaval Radar / Sonar Tower
    129. Wind ×2
    130. VoyagerVoyager ×2
    131. Advanced Geothermal PowerplantAdvanced Geothermal Powerplantnot finished by 15:00
    132. Wind
    133. Dragon's TeethDragon's Teeth
    134. Wind
    135. Dragon's TeethDragon's Teeth
    136. Wind
    137. VoyagerVoyager
    138. Wind ×2
    139. VoyagerVoyager
    140. Wind ×3
    141. VoyagerVoyager
    142. Wind ×2
    143. Dragon's TeethDragon's Teeth
    144. Wind
    145. VoyagerVoyager
    146. Wind
    147. Naval Advanced Metal ExtractorNaval Advanced Metal Extractor
    148. Wind ×2
    149. VoyagerVoyager
    150. Wind ×2
    151. VoyagerVoyager
    152. Wind ×7

Counts are medians over the build's games: half of them build more, half fewer. The example game is SeduceUrAfus's (45 OS, 01/09/2026); pick another.

Team trades

IN AT LEAST 30% OF ITS GAMES

You hand over

  • Wind Turbine2 Wind to Airfirst at 1:41 · in 62% of games

You get

  • Finch1 Finch from Airfirst at 1:51 · in 74% of games
  • Hercules1 Light transport from Airfirst at 2:05 · in 63% of games
  • Advanced Construction Bot1 T2 con bot from Techfirst at 7:41 · in 89% of games

How it plays out

Typical game of this build, running totals by minute

Metal produced

010k20k30k
0:005:0010:0015:00

metal

Enemy metal destroyed

05k10k
0:005:0010:0015:00

metal

Own metal lost

02.5k5k7.5k
0:005:0010:0015:00

metal

791 games.

Show as table
ByMetal produced: This buildEnemy metal destroyed: This buildOwn metal lost: This build
1:0039500
2:0092800
3:00160200
4:002919051
5:00414517674
6:005553544312
7:0071121005650
8:00877617751054
9:001068325511695
10:001295135102275
11:001568346973191
12:001864157823974
13:002185969034814
14:002555779955686
15:002902091276710
WHAT THE NUMBERS SAY

Standard Armada geo sea nearly matches Cortex's economy numbers but wins slightly more often at 53%.

  • + Metal produced reaches 28785 by 15:00, the highest of the sea builds
  • + Own metal lost of 6895 stays well under enemy metal destroyed's 9048
  • − Geothermal only lands in 58% of games by 7:34
  • − T2 factory completes in only 40% of games by 12:43
THE EXAMPLE YOU ARE READING

SeduceUrAfus

45.0 OS · 01/09/2026

Open source match ↗

6 received units · includes a constructor
156 metal received · 54968 energy received

Allied construction assistance is unknown. Timings are observations, not a promise of solo reproducibility.

Typical milestones

Bot Lab1:12Middle 50%: 1:06–1:18 · n=759
Shipyard3:11Middle 50%: 2:50–3:36 · n=780
Eel4:21Middle 50%: 3:41–5:34 · n=473
Corsair5:36Middle 50%: 4:50–6:34 · n=730
Geothermal Powerplant7:46Middle 50%: 6:48–9:15 · n=482
Advanced Metal Extractor9:17Middle 50%: 8:37–10:06 · n=689

Played most by

Optimusprimenutt52games of this build_X_49games of this buildKingBenjai49games of this buildhaaven43games of this buildHummell34games of this build